 Dungeon Crawl Stone Soup version bcrawl-1.27.6 (webtiles) character file.

Game seed: 9579164068826880570

376066 Faustar the Fighter (level 10, -5/72 HPs)
             Began as a Gargoyle Berserker on Sept 15, 2020.
             Was a High Priest of Trog.
             Slain by an orc warrior
             ... wielding a +0 war axe
              (15 damage)
             ... on level 8 of the Dungeon.
             The game lasted 00:11:31 (7087 turns).

Faustar the Fighter (Gargoyle Berserker)            Turns: 7087, Time: 00:11:32

Health: -5/72      AC: 25    Str: 25    XL:     10   Next: 77%
Magic:  10/10      EV: 12    Int:  7    God:    Trog [*****.]
Gold:   777        SH:  0    Dex:  9    Spells: 9/9 levels left

rFire    . . .     SeeInvis .   H - +4 demon whip (venom)
rCold    . . .     Gourm    .   (no shield)
rNeg     + . .     Faith    .   v - +0 chain mail
rPois    ∞         Spirit   .   w - +2 hat
rElec    +         Reflect  .   T - scarf {repulsion}
rCorr    .         Harm     .   (no gloves)
MR       .....                  G - +1 pair of boots
Stlth    ..........             (no amulet)
HPRegen  0.22/turn              h - +5 ring of protection
MPRegen  0.12/turn              m - +4 ring of evasion

@: repel missiles
A: negative energy resistance 1, electricity resistance, unbreathing,
petrification resistance, rot immunity, AC +7
a: Berserk, Trog's Hand, Brothers in Arms, Renounce Religion


You were on level 8 of the Dungeon.
You worshipped Trog.
Trog was extremely pleased with you.
You were not hungry.

You visited 1 branch of the dungeon, and saw 8 of its levels.

You collected 777 gold pieces.

Inventory:

Hand Weapons
 a - a +0 mace
 u - a +0 flail
 z - a +0 morningstar of venom
 H - a +4 demon whip of venom (weapon)
 K - a +1 antimagic dire flail
Armour
 b - a +0 animal skin
 s - a +0 cloak
 v - a +0 chain mail (worn)
 w - a +2 hat (worn)
 G - a +1 pair of boots (worn)
 T - a scarf of repulsion (worn)
Jewellery
 h - a +5 ring of protection (left hand)
 k - an uncursed ring of flight
 l - an uncursed ring of stealth
 m - a +4 ring of evasion (right hand)
 x - an uncursed ring of poison resistance {unknown}
 y - a +2 ring of evasion
 I - an uncursed amulet of rage
 O - a cursed ring of teleportation {unknown}
 S - an uncursed ring of resist corrosion {unknown}
Wands
 o - a wand of flame (3)
 B - a wand of paralysis (6)
Scrolls
 g - 2 scrolls of blinking {unknown}
 i - 3 scrolls of enchant armour
 n - 6 scrolls of remove curse {unknown}
 p - 3 scrolls of amnesia {unknown}
 A - a scroll of fog {unknown}
 D - a scroll of teleportation {unknown}
 L - a scroll of brand weapon {unknown}
 N - 2 scrolls of identify
 P - 2 scrolls of immolation {unknown}
 Q - 2 scrolls of magic mapping {unknown}
 R - a scroll of fear {unknown}
Potions
 c - a potion of brilliance
 d - a potion of berserk rage
 f - a potion of resistance {unknown}
 j - a potion of haste
 q - 2 potions of cancellation
 r - a potion of curing
 t - 4 potions of flight
 E - a potion of heal wounds
 F - a potion of might {unknown}
 J - a potion of lignification {unknown}
 M - a potion of degeneration {unknown}
 U - a potion of agility {unknown}
Comestibles
 e - 11 rations {!d}
 C - 4 chunks of flesh


   Skills:
 + Level 12.3 Fighting
 + Level 11.4 Maces & Flails
 - Level 2.1 Armour
 - Level 1.5 Dodging


You had 9 spell levels left.
You didn't know any spells.
Your spell library was empty.

Dungeon Overview and Level Annotations

Branches:
Dungeon (8/12)             Temple (0/1) D:7             Orc (0/1) D:8
   Lair: D:7-9

Altars:
Cheibriados
Lugonu
Okawaru
Vehumet
Wu Jian
The Shining One

Shops:
D:4 (

Annotations:
D:5 1 runed translucent door, Quickbrownfox's ghost, amateur DsAc


Innate Abilities, Weirdness & Mutations

You are resistant to torment.
Your stone body is resilient. (AC +7)
You are immune to poison.
You resist negative energy. (rN+)
You are resistant to electric shocks. (rElec)
You can survive without breathing.
You are immune to petrification.
You are immune to rotting.


Message History

The orc priest zaps a wand.
Some rock shatters into small pieces.
The orc warrior hits you with a +0 war axe.
The orc warrior rages.
The orc warrior closely misses you.
The orc warrior rages.
The orc warrior closely misses you.
The orc warrior hits you with a +0 war axe!
You hear a zap.
You hear a grinding noise.
The orc warrior barely misses you.
The orc warrior hits you with a +0 war axe!!
* * * LOW HITPOINT WARNING * * *
The orc warrior rages.
Okay, then.
Unknown command.
You hear a zap.
Some rock shatters into small pieces.
The orc warrior hits you with a +0 war axe!
* * * LOW HITPOINT WARNING * * *
The orc warrior hits you with a +0 war axe!
You die...

..#....#.#..# #######..##.# #...#
.#....##.#..###........##.###....
.##.#......................(.....
.##.........###....##########.###
.# #####.##.# ####.# #.# .#
#.##.# #....# #.# .######.. #.#
#.#..# #.# # ........ ..# #...##
#.### #######. ### ##@## #.##.
#o# #.... #o# ####. #o# ## #..# #
#.o## # #...# # #..## # #..# #


You could see 4 orc warriors.

Vanquished Creatures
  The ghost of Tutankhamun the Sneak, an amateur GnAc of Cheibriados (D:7)
  2 hippogriffs (D:6)
  Prince Ribbit (D:5)
  Sigmund (D:3)
  A wraith (D:6)
  Eustachio (D:4)
  A hungry ghost (D:7)
  Edmund (D:6)
  Duvessa (D:5)
  2 orc warriors
  3 sky beasts
  3 ogres
  A phantom (D:4)
  3 centaurs
  6 big kobolds
  4 bullfrogs
  Dowan (D:5)
  A wyvern skeleton (D:7)
  A water moccasin skeleton (D:4)
  2 scorpions
  9 wights
  A howler monkey (D:6)
  8 crimson imps
  2 centaur zombies (D:6)
  3 bullfrog zombies
  7 jellies
  4 orc wizards
  A gnoll shaman (D:4)
  3 orc priests
  A bullfrog skeleton (D:3)
  5 hounds
  3 iguanas
  Natasha (thrice) (D:4)
  6 worker ants
  Terence (D:3)
  A killer bee zombie (D:6)
  2 hound skeletons
  2 worker ant zombies
  15 gnolls
  A howler monkey skeleton (D:4)
  8 adders
  An ooze (D:2)
  A worm (D:3)
  5 dart slugs
  4 leopard geckos
  11 orcs
  5 giant cockroaches
  4 goblins
  11 hobgoblins
  13 jackals
  7 quokkas
  2 ball pythons
  7 bats
  5 frilled lizards
  2 goblin skeletons (D:4)
  A goblin zombie (D:4)
  2 hobgoblin zombies (D:4)
  2 jackal skeletons
  45 kobolds
  A kobold skeleton (D:4)
  2 kobold zombies (D:4)
  2 orc skeletons (D:4)
  An orc zombie (D:4)
  8 rats
265 creatures vanquished.

Notes
Turn   | Place    | Note
-------+----------+-------------------------------------------
     0 | D:1      | Faustar the Gargoyle Berserker began the quest for the Orb.
     0 | D:1      | Reached XP level 1. HP: 14/14 MP: 1/1
   125 | D:1      | Reached XP level 2. HP: 16/19 MP: 2/2
   446 | D:1      | Reached XP level 3. HP: 23/24 MP: 3/3
   478 | D:1      | Reached skill level 4 in Fighting
   648 | D:1      | Reached ** piety under Trog
  1062 | D:2      | Reached XP level 4. HP: 30/30 MP: 4/4
  1150 | D:2      | Found a radiant altar of Vehumet.
  1771 | D:3      | Found a corrupted altar of Lugonu.
  1823 | D:3      | Reached *** piety under Trog
  2010 | D:3      | Noticed Terence
  2020 | D:3      | Killed Terence
  2020 | D:3      | Reached XP level 5. HP: 34/34 MP: 5/5
  2215 | D:3      | Reached skill level 5 in Fighting
  2295 | D:3      | Noticed Sigmund
  2314 | D:3      | Killed Sigmund
  2314 | D:3      | Reached skill level 5 in Maces & Flails
  2314 | D:3      | Reached XP level 6. HP: 41/41 MP: 6/6
  2616 | D:4      | Reached skill level 6 in Fighting
  2703 | D:4      | Reached XP level 7. HP: 47/47 MP: 7/7
  2886 | D:4      | Reached skill level 7 in Fighting
  2999 | D:4      | Reached **** piety under Trog
  3019 | D:4      | Reached XP level 8. HP: 53/53 MP: 8/8
  3189 | D:4      | Reached skill level 8 in Fighting
  3240 | D:4      | Found Arev's Antique Weapon Boutique.
  3272 | D:4      | Noticed Natasha
  3279 | D:4      | Killed Natasha
  3288 | D:4      | Noticed Eustachio
  3295 | D:4      | Killed Eustachio
  3300 | D:4      | Reached ***** piety under Trog
  3308 | D:4      | Found a glowing golden altar of the Shining One.
  3342 | D:4      | Noticed Natasha
  3347 | D:4      | Killed Natasha
  3622 | D:4      | Noticed Natasha
  3634 | D:4      | Killed Natasha
  3634 | D:4      | Reached skill level 9 in Fighting
  4011 | D:5      | Entered Level 5 of the Dungeon
  4070 | D:4      | Reached XP level 9. HP: 60/60 MP: 9/9
  4308 | D:5      | Noticed Duvessa
  4310 | D:5      | Noticed Dowan
  4318 | D:5      | Killed Duvessa
  4321 | D:5      | Killed Dowan
  4321 | D:5      | Received a gift from Trog
  4372 | D:5      | Found a runed translucent door.
  4385 | D:5      | Noticed Quickbrownfox's ghost (amateur DsAc)
  4576 | D:5      | Noticed Prince Ribbit
  4579 | D:5      | Killed Prince Ribbit
  4579 | D:5      | Reached skill level 10 in Fighting
  5075 | D:6      | Reached skill level 10 in Maces & Flails
  5108 | D:6      | Reached skill level 11 in Fighting
  5108 | D:6      | Reached XP level 10. HP: 66/69 MP: 10/10
  5427 | D:6      | Noticed Edmund
  5437 | D:6      | Killed Edmund
  5866 | D:7      | Received a gift from Trog
  5899 | D:7      | Found an iron altar of Okawaru.
  5960 | D:7      | Found an iron altar of Okawaru.
  5990 | D:7      | Found a snail-covered altar of Cheibriados.
  6088 | D:7      | Found an ornate altar of the Wu Jian Council.
  6095 | D:7      | Reached skill level 12 in Fighting
  6588 | D:7      | Found a staircase to the Ecumenical Temple.
  6711 | D:7      | Found a runed translucent door.
  6711 | D:7      | Noticed Tutankhamun's ghost (amateur GnAc)
  6721 | D:7      | Killed Tutankhamun's ghost
  7069 | D:8      | Found a staircase to the Orcish Mines.
  7087 | D:8      | Slain by an orc warrior

Skill      XL: |  1  2  3  4  5  6  7  8  9 10 |
---------------+-------------------------------+-----
Fighting       | 4 5 6 7 9 11 12 | 12.3
Maces & Flails | 4 5 6 8 10 11 | 11.4
Armour         | |  2.1
Dodging        | |  1.5

Action                   |  1- 3 |  4- 6 |  7- 9 | 10-12 || total
-------------------------+-------+-------+-------+-------++-------
Melee: Mace              |   137 |    74 |       |       ||   211
       Flail             |       |    73 |       |       ||    73
       Morningstar       |       |     9 |   367 |    89 ||   465
       Demon whip        |       |       |       |   132 ||   132
Invok: Berserk           |     1 |     4 |     3 |     1 ||     9
       Trog's Hand       |       |     1 |     1 |     1 ||     3
  Use: Scroll            |       |       |       |     7 ||     7
 Stab: Sleeping          |       |    10 |       |       ||    10
  Eat: Chunk             |     6 |    10 |    17 |    11 ||    44
       Ration            |       |     1 |     1 |     1 ||     3
Armor: Animal skin       |    68 |    40 |       |       ||   108
       Chain mail        |       |    71 |   314 |   108 ||   493
Dodge: Dodged            |   138 |   144 |   355 |   126 ||   763
